 Dungeon Crawl Stone Soup version 0.30-a0-1074-g5db6f66fbb (webtiles) character file.

Game seed: 14060268264284709613

132892 BubbleThief the Warrior (level 17, -1/176 HPs)
             Began as a Naga Cinder Acolyte on Apr 13, 2023.
             Was a Believer of Ignis.
             Slain by a swamp dragon (17 damage)
             ... called by a spriggan druid
             ... on level 4 of the Swamp on Apr 14, 2023.
             The game lasted 01:12:53 (35743 turns).

BubbleThief the Warrior (Naga Cinder Acolyte)      Turns: 35743, Time: 01:12:53

Health: -1/176     AC: 26    Str: 22    XL:     17   Next: 13%
Magic:  4/32       EV:  6    Int: 20    God:    Ignis [**....]
Gold:   1843       SH: 13    Dex:  3    Spells: 23/38 levels left

rFire   + + .      SeeInvis +    i - +5 demon whip (venom)
rCold   + . .      Faith    .    z - +0 tower shield
rNeg    + . .      Spirit   .    s - +6 ring mail of Riveduom {rN+ Str+3 Dex-4 SInv}
rPois   +          Reflect  .    o - +0 helmet
rElec   .          Rampage  .    d - scarf {rC+ rF+}
rCorr   .                        (no gloves)
Will    ++...                    (no barding) Stlth
                                 l - amulet of the acrobat
HPRegen 0.49/turn                N - +4 ring of protection
MPRegen 0.23/turn                G - ring of flight

@: lethally poisoned (-1 -> -2), fiery-armoured, flying, studying 2 skills, very
slow
A: AC +5, large, see invisible, deformed body, poison resistance, slowness 2,
spit poison 1, naga tail 2
a: Spit Poison, Renounce Religion, Fiery Armour, Foxfire Swarm


You were on level 4 of the Swamp.
You worshipped Ignis.
Ignis was pleased with you.
You visited 4 branches of the dungeon, and saw 26 of its levels.

You collected 2639 gold pieces.
You spent 796 gold pieces at shops.

Inventory:

Hand Weapons
 i - a +5 demon whip of venom (weapon)
Missiles
 u - 9 throwing nets
Armour
 d - a scarf of resistance (worn)
 o - a +0 helmet (worn)
 s - the +6 ring mail of Riveduom (worn) {rN+ Str+3 Dex-4 SInv}
   (You found it on level 3 of the Dungeon)

   Str:       It affects your strength (+3).
   Dex:       It affects your dexterity (-4).
   rN:        It protects you from negative energy.
   SInv:      It lets you see invisible.
 z - a +0 tower shield (worn)
 L - a +0 buckler
Jewellery
 k - a ring of positive energy
 l - an amulet of the acrobat (around neck)
 q - a ring of resist corrosion
 D - a ring of protection from fire
 G - a ring of flight (right hand)
 J - a +6 ring of intelligence
 N - a +4 ring of protection (left hand)
Wands
 B - a wand of roots (20)
 C - a wand of mindburst (39)
 E - a wand of polymorph (26)
 F - a wand of quicksilver (8)
 O - a wand of paralysis (22)
Scrolls
 a - 2 scrolls of fog
 c - 4 scrolls of enchant weapon
 h - 5 scrolls of fear
 v - 17 scrolls of identify
 x - 3 scrolls of magic mapping
 y - 13 scrolls of teleportation
 M - a scroll of poison
 Q - 3 scrolls of brand weapon
 R - a scroll of summoning
Potions
 b - a potion of attraction
 e - 9 potions of ambrosia
 f - 3 potions of flight
 g - 7 potions of haste
 j - 2 potions of berserk rage
 m - 2 potions of resistance
 n - 3 potions of cancellation
 p - 11 potions of curing
 r - 2 potions of heal wounds
 t - 5 potions of might
 w - 3 potions of lignification
 A - 8 potions of mutation
 I - 3 potions of invisibility
 K - 4 potions of brilliance
Miscellaneous
 H - a condenser vane
 P - a phantom mirror


   Skills:
 - Level 17.0 Fighting
 - Level 12.0 Maces & Flails
 + Level 9.5 Shields
 + Level 11.1 Spellcasting
 + Level 12.4 Conjurations
 + Level 12.4 Fire Magic


You had 23 spell levels left.
You knew the following spells:

 Your Spells              Type           Power      Damage    Failure   Level
a - Scorch                Fire           100%       2d9       1%          2
b - Flame Wave            Conj/Fire      57%        2d14      2%          4
c - Sticky Flame          Conj/Fire      57%        2d7       2%          4
d - Fireball              Conj/Fire      28%        3d12      7%          5

Your spell library contained the following spells:

 Spells                   Type           Power      Damage    Failure   Level
 Foxfire                  Conj/Fire      100%       2x1d9     1%          1
 Magic Dart               Conj           100%       1d8       1%          1
 Searing Ray              Conj           100%       2d8       1%          2
 Static Discharge         Conj/Air       72%        2-5/arc   4%          2
 Hailstorm                Conj/Ice       36%        3d9       10%         3
 Inner Flame              Hex/Fire       36%        N/A       10%         3
 Fulminant Prism          Conj/Hex       18%        3d10      32%         4
 Starburst                Conj/Fire      28%        6d9       36%         6
 Freeze                   Ice            44%        1d6       41%         1
 Summon Small Mammal      Summ           44%        N/A       41%         1
 Call Canine Familiar     Summ           11%        N/A       78%         3
 Frozen Ramparts          Ice            22%        1d4       78%         3
 Gell's Gravitas          Tloc           11%        N/A       78%         3
 Summon Guardian Golem    Hex/Summ       11%        N/A       78%         3
 Teleport Other           Tloc           11%        N/A       78%         3
 Tukima's Dance           Hex            11%        N/A       78%         3
 Airstrike                Air            5%         2d(1-17)  99%         4
 Passage of Golubria      Tloc           11%        N/A       99%         4
 Summon Ice Beast         Ice/Summ       11%        N/A       99%         4
 Summon Lightning Spire   Summ/Air       11%        N/A       99%         4
 Plasma Beam              Fire/Air       18%        2x1d32    99%         6
 Summon Mana Viper        Hex/Summ       11%        N/A       100%        5
 Yara's Violent Unravell  Hex/Tmut       5%         3d4       100%        5
 Dispersal                Tloc           5%         N/A       100%        6
 Monstrous Menagerie      Summ           5%         N/A       100%        7


Dungeon Overview and Level Annotations

Branches:
Dungeon (15/15)            Temple (0/1) D:5            Lair (5/5) D:9
  Swamp (4/4) Lair:3        Snake (0/4) Lair:2        Slime (0/5) Lair:4
    Orc (2/2) D:10            Elf (0/3) Orc:2        Vaults (0/5) D:14
 Depths (0/4) D:15

Altars:
Dithmenos
Elyvilon
Fedhas
Kikubaaqudgha
Makhleb
Nemelex Xobeh
Qazlal
Sif Muna
Vehumet
Wu Jian
Yredelemnul
Zin
Jiyva

Shops:
D:2 =   D:8 **   D:10 :   D:12 (   Orc:2 !:(!

Annotations:
D:12 5 runed translucent doors
D:15 Usinnox's ghost, journeyman OpFi
Swamp:4 Lernaean hydra


Innate Abilities, Weirdness & Mutations

Your serpentine skin is tough. (AC +5)
You have supernaturally acute eyesight. (SInv)
Armour fits poorly on your strangely shaped body.
Your system is resistant to poisons. (rPois)
You cover ground very slowly.
You can spit poison.
You can use your snake-like lower body to constrict enemies.


Message History

You whack the alligator!
The alligator looks as sick as possible!
The alligator is severely wounded.
You constrict the alligator.
You feel sick.
A swamp worm comes into view.
The alligator is engulfed in poison gas.
The alligator looks as sick as possible!
The alligator bites you.
* * * LOW HITPOINT WARNING * * *
The alligator tail-slaps you but does no damage.
Unknown command.
You completely miss the alligator.
The alligator is severely wounded.
You constrict the alligator.
You feel sick.
The swamp dragon breathes poison at you.
The blast of poison engulfs you. You resist.
* * * LOW HITPOINT WARNING * * *
A ghost crab comes into view.
The alligator is engulfed in poison gas.
The alligator looks as sick as possible!
The alligator bites you!!
* * * LOW HITPOINT WARNING * * *
You block the alligator's attack.
Unknown command.
You whack the alligator!
The alligator looks as sick as possible!
The alligator is almost dead.
You constrict the alligator.
The ghost crab breathes spectral mist at you.
The spectral mist engulfs the swamp dragon but does no damage.
You block the swamp dragon's attack.
The swamp dragon claws you but does no damage.
The swamp dragon tramples you.
* * * LOW HITPOINT WARNING * * *
You are shoved backwards!
The alligator is engulfed in spectral mist.
The alligator dies!
A protective cloak of flame settles atop you.
You feel sick. The swamp dragon bites you!
You die...

♣~.~~.♣ ♣♣♣.~~♣ ♣♣.♣~..♣♣♣
♣♣ ♣......~~♣ ~ ♣♣♣♣.
♣♣♣....~♣♣♣ ~.♣~..~
♣..~~.~♣♣♣♣ ~~..i§§
♣.~~~.♣~..♣ ~§~.~~§ ♣♣♣♣♣
♣~~..~..~§.
~~~~~~~♣♣@♣°♣♣♣♣~~~....~~~
.~~~...w§ZD..☼♣♣♣..~♣.~~.~
..~§~~~.☼♣§☼Z☼.§.....~~~~♣
.~~~~§~☼♣♣♣♣§§~§~~~~~~~~.♣
~~~~~~~.♣ ♣t~§§)~~~~~~~.♣
~.~♣~♣♣♣♣ ♣.~~§~~.~~~.~♣♣
~♣ ♣^ ♣♣♣§~~.♣♣♣♣♣♣♣♣♣♣
~~~.. ♣~.~~~~♣ ♣.
♣♣~~~.♣♣~..~~~♣ ♣.


You could see a swamp dragon (strong), a tyrant leech, a ghost crab, a spectral
death drake (summoned) and a spectral fenstrider witch (summoned).

Vanquished Creatures
  Mlioglotl (Swamp:3)
  Gastronok (Lair:1)
  Frances (Swamp:2)
  Kirke (D:15)
  2 fenstrider witches
  Louise (D:15)
  2 orc warlords
  A stone giant (D:15)
  3 ghouls (Swamp:3)
  An eleionoma (Swamp:3)
  3 bunyips
  Snorg (Orc:2)
  Harold (D:10)
  A shambling mangrove (Swamp:4)
  A ghost crab (Swamp:4)
  9 hydras
  Erica (D:8)
  2 catoblepae
  6 centaur warriors
  3 death yaks (Lair:5)
  3 tengu warriors
  2 boulder beetles
  An orc high priest (Orc:2)
  13 alligators
  A hell knight (D:15)
  Amaemon (D:8)
  5 skeletal warriors (D:13)
  A fire crab (shapeshifter) (D:14)
  A deep troll (D:15)
  10 goliath frogs
  2 spriggan druids
  11 swamp dragons
  2 wizards (D:15)
  2 bog bodies
  Pikel (D:4)
  2 deep elf pyromancers
  A wolf spider (D:15)
  6 orc knights
  A faun (shapeshifter) (D:14)
  4 orc sorcerers (Orc:2)
  An oklob plant (Lair:2)
  3 will-o-the-wisps
  12 ugly things
  5 cyclopes
  3 manticores
  Maurice (D:9)
  6 black mambas
  Joseph (D:9)
  An orange demon (D:8)
  2 rime drakes
  14 cane toads
  13 komodo dragons
  Maggie (D:6)
  A komodo dragon (shapeshifter) (D:14)
  A tengu conjurer (D:13)
  9 polar bears
  6 trolls
  8 tyrant leeches
  A queen bee (Lair:3)
  A blink frog (shapeshifter) (D:13)
  Prince Ribbit (D:5)
  18 blink frogs
  19 hornets
  8 saltlings (Orc:2)
  A dream sheep (Lair:5)
  5 shadows
  A centaur simulacrum (D:15)
  8 slime creatures
  A water elemental (D:15)
  25 spriggans
  2 wraiths
  40 yaks
  A vampire (D:11)
  6 wyverns
  6 basilisks
  Grum (D:9)
  3 steam dragons
  3 wargs
  7 vampire mosquitoes
  4 nagas (Lair:2)
  2 acid dragons
  5 swamp worms
  21 orc warriors
  14 water moccasins
  7 swamp drakes
  7 black bears
  3 ice beasts
  9 ogres
  7 centaurs
  3 boggarts (Lair:5)
  33 wolves
  A lemure (D:4)
  4 phantoms
  11 bullfrogs
  A necrophage (Swamp:3)
  5 wights (D:8)
  29 killer bees
  A troll zombie (D:10)
  7 howler monkeys
  An electric eel (Lair:5)
  2 hounds
  6 orc priests
  A gnoll bouda (D:7)
  A jelly (D:5)
  2 sleepcaps
  2 iguanas
  10 hell rats
  19 orc wizards
  5 ogre zombies (D:10)
  6 adders
  9 gnolls
  7 river rats (Lair:3)
  2 shadow imps (D:5)
  A white imp (D:7)
  An ufetubus (D:6)
  3 dart slugs
  77 orcs
  6 ball pythons
  14 bats
  6 endoplasms
  3 giant cockroaches
  6 goblins
  4 hobgoblins
  3 jackals (D:1)
  5 quokkas
  3 frilled lizards (D:1)
  3 goblin zombies (D:10)
  3 hobgoblin zombies (D:10)
  6 kobolds
  3 orc skeletons (D:10)
  10 orc zombies (D:10)
  8 rats
770 creatures vanquished.

Vanquished Creatures (others)
  A thorn hunter (Swamp:3)
  2 alligators (Swamp:4)
  2 bloated husks
  4 humans (D:15)
  An ogre (Orc:2)
  10 foxfires
  53 fungi
  4 pillars of salt (Orc:2)
  64 plants
  2 starspawn tentacles (Swamp:3)
  5 withered plants (D:4)
148 creatures vanquished.

Grand Total: 918 creatures vanquished

Notes
Turn   | Place    | Note
-------+----------+-------------------------------------------
     0 | D:1      | BubbleThief the Naga Cinder Acolyte began the quest for the
                  | Orb.
     0 | D:1      | Reached XP level 1. HP: 21/21 MP: 2/2
   131 | D:1      | Reached XP level 2. HP: 18/28 MP: 3/3
   372 | D:1      | Learned a level 2 spell: Scorch
   661 | D:1      | Reached XP level 3. HP: 28/34 MP: 5/5
  1116 | D:2      | Found a faded altar of an unknown god.
  1146 | D:2      | Found Wuqydatz's Jewellery Shop.
  1714 | D:3      | Reached XP level 4. HP: 42/42 MP: 1/6
  1788 | D:3      | Identified the +6 ring mail of Riveduom {rN+ Str+3 Dex-4
                  | SInv}
  1885 | D:3      | Learned a level 4 spell: Flame Wave
  2317 | D:3      | Reached XP level 5. HP: 49/49 MP: 1/8
  2606 | D:4      | Noticed an ogre
  2614 | D:4      | Killed an ogre
  2689 | D:4      | Learned a level 4 spell: Sticky Flame
  2922 | D:4      | Reached XP level 6. HP: 56/56 MP: 7/10
  3003 | D:4      | Reached skill level 1 in Conjurations
  3192 | D:4      | Noticed Pikel
  3216 | D:4      | Killed Pikel
  3217 | D:4      | Reached skill level 5 in Fire Magic
  3217 | D:4      | Reached XP level 7. HP: 35/62 MP: 8/13
  3403 | D:4      | Found an ancient bone altar of Kikubaaqudgha.
  3449 | D:5      | Entered Level 5 of the Dungeon
  3588 | D:5      | Reached XP level 8. HP: 69/69 MP: 7/14
  3742 | D:5      | Reached skill level 5 in Conjurations
  3796 | D:5      | Noticed Prince Ribbit
  3810 | D:5      | Killed Prince Ribbit
  3811 | D:5      | Reached skill level 5 in Spellcasting
  3875 | D:5      | Found a staircase to the Ecumenical Temple.
  4033 | D:5      | Found a glowing silver altar of Zin.
  4753 | D:5      | Found a burning altar of Makhleb.
  5010 | D:6      | Reached XP level 9. HP: 63/76 MP: 6/17
  5214 | D:6      | Noticed Maggie
  5384 | D:6      | Killed Maggie
  6746 | D:7      | Reached skill level 4 in Fighting
  6827 | D:7      | Reached XP level 10. HP: 85/85 MP: 14/19
  7821 | D:8      | Found Dij Kosk's General Store.
  7855 | D:8      | Noticed an orange demon
  7862 | D:8      | Noticed Amaemon
  7868 | D:8      | Killed an orange demon
  7880 | D:8      | Killed Amaemon
  8135 | D:8      | Reached skill level 5 in Fighting
  8135 | D:8      | Reached skill level 5 in Maces & Flails
  8391 | D:8      | Found Egucub's General Store.
  8396 | D:8      | Bought a potion of brilliance for 40 gold pieces
  8396 | D:8      | Bought a scroll of teleportation for 30 gold pieces
  8938 | D:8      | Noticed Erica
  8949 | D:8      | Killed Erica
  8950 | D:8      | Reached skill level 6 in Fighting
  9238 | D:9      | Found a shadowy altar of Dithmenos.
  9257 | D:8      | Bought a potion of brilliance for 44 gold pieces
  9257 | D:8      | Bought a potion of resistance for 110 gold pieces
  9293 | D:9      | Noticed Joseph
  9306 | D:9      | Killed Joseph
  9340 | D:9      | Reached XP level 11. HP: 51/99 MP: 3/20
  9493 | D:9      | Reached skill level 7 in Fighting
  9668 | D:9      | Found a white marble altar of Elyvilon.
  9711 | D:9      | Noticed Grum
  9721 | D:9      | Killed Grum
  9830 | D:9      | Found a basalt altar of Yredelemnul.
  9868 | D:9      | Found a blossoming altar of Fedhas.
  9948 | D:9      | Found a staircase to the Lair.
  9999 | D:9      | Noticed Maurice
 10006 | D:9      | Killed Maurice
 10441 | D:9      | Reached skill level 8 in Fighting
 10580 | Lair:1   | Entered Level 1 of the Lair of Beasts
 10668 | Lair:1   | Noticed Gastronok
 10690 | Lair:1   | Killed Gastronok
 10996 | Lair:1   | Reached skill level 9 in Fighting
 11759 | Lair:2   | Found a staircase to the Snake Pit.
 11774 | Lair:2   | Reached XP level 12. HP: 68/116 MP: 4/21
 12189 | Lair:2   | Reached skill level 10 in Fighting
 12189 | Lair:2   | Reached skill level 10 in Maces & Flails
 12656 | Lair:2   | Noticed a boulder beetle
 12661 | Lair:2   | Killed a boulder beetle
 12722 | Lair:2   | Found a sparkling altar of Nemelex Xobeh.
 13152 | Lair:3   | Noticed a four-headed hydra
 13163 | Lair:3   | Killed a four-headed hydra
 13345 | Lair:3   | Reached skill level 11 in Fighting
 14192 | Lair:3   | Found a staircase to the Swamp.
 14869 | Lair:4   | Reached skill level 12 in Fighting
 14882 | Lair:4   | Gained mutation: You can use your snake-like lower body to
                  | constrict enemies. [Naga growth]
 14882 | Lair:4   | Reached XP level 13. HP: 64/129 MP: 3/22
 15300 | Lair:4   | Reached skill level 13 in Fighting
 15960 | Lair:4   | Found an ornate altar of the Wu Jian Council.
 16169 | Lair:4   | Found a viscous altar of Jiyva.
 16169 | Lair:4   | Found a staircase to the Slime Pits.
 16375 | Lair:5   | Entered Level 5 of the Lair of Beasts
 16421 | Lair:5   | Reached skill level 14 in Fighting
 17027 | Lair:5   | Reached skill level 15 in Fighting
 17855 | Lair:5   | Reached skill level 1 in Shields
 17940 | Lair:5   | Reached XP level 14. HP: 118/148 MP: 7/23
 18475 | Lair:5   | Reached skill level 16 in Fighting
 18644 | Lair:5   | Reached skill level 5 in Shields
 19084 | Lair:5   | Identified the staff of death "Welofaczoh" {rN+ Int+3}
 19571 | D:10     | Entered Level 10 of the Dungeon
 19646 | D:10     | Found a radiant altar of Vehumet.
 19814 | D:10     | Found a staircase to the Orcish Mines.
 20117 | D:10     | Found Azeb's Self-Improvement Boutique.
 20174 | D:10     | Noticed Harold
 20189 | D:10     | Killed Harold
 20431 | Orc:1    | Entered Level 1 of the Orcish Mines
 20916 | Orc:2    | Entered Level 2 of the Orcish Mines
 20916 | Orc:2    | Noticed Snorg
 20924 | Orc:2    | Noticed an orc warlord
 20925 | Orc:2    | Killed Snorg
 20948 | Orc:1    | Killed an orc warlord
 21282 | Orc:2    | Found a staircase to the Elven Halls.
 21679 | Orc:2    | Noticed an orc warlord
 21706 | Orc:2    | Killed an orc warlord
 22018 | Orc:2    | Found Hirumase's Distillery.
 22342 | Orc:2    | Found Eschoho's Book Boutique.
 22354 | Orc:2    | Found Lezuroomn's Antique Weapon Boutique.
 22414 | Orc:2    | Found Naumm's Distillery.
 22791 | Orc:2    | Bought a book of Fire for 572 gold pieces
 22799 | Orc:2    | Learned a level 5 spell: Fireball
 23309 | D:11     | Reached XP level 15. HP: 159/159 MP: 19/26
 24602 | D:12     | Reached skill level 17 in Fighting
 24626 | D:12     | Found Moschoani's Antique Weapon Emporium.
 24737 | D:12     | Found a runed translucent door.
 24745 | D:12     | Found a runed translucent gate.
 24748 | D:12     | Found a runed translucent gate.
 24748 | D:12     | Found a runed translucent gate.
 24757 | D:12     | Found a runed translucent door.
 24764 | D:12     | Found the +9 staff of Olgreb {rPois∞}
 26799 | D:13     | Found a shimmering blue altar of Sif Muna.
 26897 | D:13     | Reached skill level 10 in Fire Magic
 27095 | D:14     | Reached skill level 10 in Conjurations
 27493 | D:14     | Found a stormy altar of Qazlal.
 27727 | D:14     | Found a gate to the Vaults.
 27772 | D:15     | Entered Level 15 of the Dungeon
 28212 | D:15     | Noticed Louise
 28221 | D:15     | Killed Louise
 28368 | D:15     | Noticed Kirke
 28417 | D:15     | Killed Kirke
 28739 | D:15     | Noticed Usinnox's ghost (journeyman OpFi)
 28742 | D:15     | Found a runed translucent door.
 29000 | D:15     | Found a staircase to the Depths.
 29988 | Swamp:1  | Entered Level 1 of the Swamp
 30009 | Swamp:1  | Reached XP level 16. HP: 169/169 MP: 6/29
 31439 | Swamp:2  | Noticed a fenstrider witch
 31443 | Swamp:2  | Killed a fenstrider witch
 31453 | Swamp:2  | Noticed Frances
 31462 | Swamp:2  | Killed Frances
 31768 | Swamp:2  | Reached skill level 10 in Spellcasting
 32410 | Swamp:2  | Identified the +0 scale mail of Valiance {rF+ Str-2 Stlth+}
 32807 | Swamp:3  | Noticed a thorn hunter
 32820 | Swamp:3  | HP: 3/169 [spore (32)]
 32820 | Swamp:3  | Killed a thorn hunter
 33813 | Swamp:3  | Noticed Mlioglotl
 33826 | Swamp:3  | Noticed a tentacled starspawn
 33833 | Swamp:3  | HP: 1/169 [Mlioglotl (14)]
 33836 | Swamp:3  | Killed Mlioglotl
 33849 | Swamp:3  | HP: 3/169 [eleionoma/spray of wooden splinters (16)]
 34372 | Swamp:4  | Entered Level 4 of the Swamp
 34708 | Swamp:4  | Identified the +0 cloak of Omission {Rampage rPois}
 34801 | Swamp:4  | Noticed a fenstrider witch
 34815 | Swamp:4  | Killed a fenstrider witch
 35162 | Swamp:4  | Noticed the 27-headed Lernaean hydra
 35241 | Swamp:4  | Reached XP level 17. HP: 80/176 MP: 15/31
 35743 | Swamp:4  | Slain by a swamp dragon

Illustrated notes

Levels and vault maps discovered:
D:1:      minmay_arrival_hallway, layout_basic
D:2:      layout_loops_ring, ebering_ecumenical_altar_box, serial_shops, shop
D:3:      layout_loops_ring
D:4:      layout_basic, kiku_gazebo_garden_becter, kennysheep_pointless_box,
          uniq_pikel
D:5:      layout_layer_cave, zin_scriptorium, makhleb_grotto_becter,
          minmay_temple_entry_statues_pillars, uniq_prince_ribbit1
D:6:      layout_basic, serial_corexii_hall, corexii_hall_statues_deadend,
          corexii_hall_statues_u, uniq_maggie
D:7:      layout_layer_cave
D:8:      layout_loops_ring, serial_shops, nicolae_take_the_stairs, shop,
          uniq_erica, uniq_amaemon
D:9:      layout_gridville, grunt_dithmenos_smoke, kennysheep_ying_yang,
          fedhas_ov_isle_minmay, minmay_lair_entry_grove,
          minmay_variable_closet, uniq_grum, uniq_joseph, uniq_maurice
D:10:     layout_gridville, mainiacjoe_overflow_catwalk, zombieorc1_lemuel,
          nicolae_shop_self_help, uniq_harold
D:11:     layout_irregular_city, fungi_pond_lemuel
D:12:     layout_basic, serial_shops, nicolae_square_shop,
          minmay_guarded_unrand_staff_of_olgreb
D:13:     layout_basic, lemuel_blue_sif_altar
D:14:     layout_rooms, david_vaults_2, nicolae_qazlal_style_of_elements
D:15:     hangedman_depths_entry_civil_slaughter, layout_basic, nicolae_wwwww,
          serial_bayou, serial_bayou_crossing, serial_bayou_pond_d,
          serial_bayou_ford_a, serial_bayou_pond_d,
          hellmonk_ghost_happy_afterlife, uniq_kirke, uniq_louise
Lair:1:   layout_gridlike, uniq_gastronok
Lair:2:   layout_regular_city, minmay_snake_entry_guardpost_small, basic_altar
Lair:3:   layout_roguey [special_room_bee], skrybe_swamp_entry_bodies,
          kennysheep_abandoned_house
Lair:4:   layout_regular_city, dpeg_slime_entry_corner, basic_altar,
          beast_lair_carwin_11
Lair:5:   minmay_lair_end_enchanted_forest, layout_cave_pods,
          chequers_serial_rivers_micro_d, lookout_lair_type, grunt_megastairs_5
Swamp:1:  layout_basic_swamp, infiniplex_staircase_pool, swamp_pool3
Swamp:2:  layout_basic_swamp, evilmike_swamp_ruin_house_2, swamp_pool2,
          lightli_tree_ring, uniq_frances
Swamp:3:  layout_falls_marsh, nicolae_swamp_orc_logging_accident, uniq_mlioglotl
Swamp:4:  swamp_old_school, layout_basic_swamp
Orc:1:    layout_caves, roderic_batcave, nicolae_orc_lava_tube
Orc:2:    hellmonk_orc_salted, layout_caves, uniq_snorg

Skill      XL: |  1  2  3  4  5  6  7  8  9 10 11 12 13 14 15 16 17 |
---------------+----------------------------------------------------+-----
Spellcasting   | 2 3 4 5 6 7 9 10 11 | 11.1
Fire Magic     | 4 5 6 8 9 10 12 | 12.4
Conjurations   | 3 4 6 8 9 10 12 | 12.4
Fighting       | 4 6 9 12 15 16 17 | 17.0
Maces & Flails | 4 6 9 12 | 12.0
Shields        | 1 7 9 |  9.5

Action                     |  1- 3 |  4- 6 |  7- 9 | 10-12 | 13-15 | 16-18 || total
---------------------------+-------+-------+-------+-------+-------+-------++-------
  Melee: Mace              |    78 |    40 |    99 |    21 |       |       ||   238
         Punch             |     1 |       |     2 |     1 |     1 |       ||     5
         Demon whip        |       |       |       |   367 |  1076 |   271 ||  1714
         Constrict         |       |       |       |       |   188 |    35 ||   223
   Cast: Scorch            |     3 |    29 |    63 |    72 |    62 |     6 ||   235
         Flame Wave        |       |       |     4 |    17 |    20 |       ||    41
         Sticky Flame      |       |       |    15 |    60 |   105 |    16 ||   196
         Fireball          |       |       |       |       |    23 |   102 ||   125
 Invoke: Fiery Armour      |       |       |       |     2 |     5 |     2 ||     9
         Rising Flame      |       |       |       |     1 |       |       ||     1
Ability: Spit Poison       |    33 |    24 |    19 |    21 |     7 |     3 ||   107
  Evoke: Wand              |       |       |       |       |     2 |     1 ||     3
         Phantom mirror    |       |       |       |       |     1 |       ||     1
    Use: Scroll            |       |       |       |    26 |     8 |     3 ||    37
         Potion            |       |       |       |     1 |     3 |     1 ||     5
   Stab: Petrified         |       |       |       |       |     4 |       ||     4
 Armour: Robe              |    19 |       |       |       |       |       ||    19
         Ring mail         |       |    24 |    81 |   213 |   452 |   142 ||   912
  Dodge: Dodged            |    71 |    25 |    79 |   267 |   404 |    76 ||   922
  Block: Buckler           |       |       |       |       |    99 |       ||    99
         Tower shield      |       |       |       |       |    62 |   175 ||   237

Table legend: (Time is in decaauts)
 A = Elapsed time spent in this place.
 B = Non-inter-level travel time spent in this place.
 C = Inter-level travel time spent in this place.
 D = Time resting spent in this place.
 E = Time spent auto-exploring this place.
 F = Levels seen in this place.
 G = Mean time per level.
                   A        B        C        D        E       F      G
               +--------+--------+--------+--------+--------+-----+--------+
         Total |  41610 |  39779 |   1831 |   4981 |  29689 |  26 | 1600.4 |
       Dungeon |  21851 |  21032 |    819 |   1173 |  17181 |  15 | 1456.7 |
          Lair |  10677 |  10141 |    536 |   1320 |   7543 |   5 | 2135.4 |
         Swamp |   5960 |   5785 |    175 |   1834 |   3253 |   4 | 1490.0 |
  Orcish Mines |   3121 |   2821 |    300 |    653 |   1711 |   2 | 1560.5 |
               +--------+--------+--------+--------+--------+-----+--------+

Top non-repeatable levels by time:
  Lair:5: 3225 daAuts
  Lair:3: 2410 daAuts
    D:15: 2310 daAuts
 Swamp:2: 2261 daAuts
   Orc:2: 2053 daAuts
     D:5: 2018 daAuts
  Lair:2: 1983 daAuts
     D:7: 1943 daAuts
     D:9: 1755 daAuts
    D:12: 1739 daAuts
     D:8: 1661 daAuts
  Lair:4: 1570 daAuts
  Lair:1: 1488 daAuts
    D:13: 1473 daAuts
 Swamp:4: 1427 daAuts
